 Dungeon Crawl Stone Soup version 0.31-a0-844-gdc52ec4e09 (webtiles) character file.

Game seed: 14530226900769866530

172 lunkers the Ruffian (level 6, -1/37 HPs)
             Began as a Meteoran Shapeshifter on Sept 28, 2023.
             Was an Initiate of Okawaru.
             Slain by a centaur (4 damage)
             ... on level 5 of the Dungeon.
             The game lasted 00:02:33 (1106 turns).

lunkers the Ruffian (Meteoran Shapeshifter)         Turns: 1106, Time: 00:02:33

Health: -1/37      AC: 13    Str: 16    XL:     6   Next: 9%
Magic:  7/7        EV: 11    Int: 12    God:    Okawaru [......]
Gold:   189        SH:  0    Dex: 15    Spells: 5/5 levels left

rFire   . .          .
                       - Unarmed
rCold   . . .        (shield currently unavailable)
rNeg    . . .        r - +0 ring mail
rPois   .            x - +0 helmet
rElec   .            (no cloak)
rCorr   +            (no gloves)
SInv    +            k - +2 pair of boots "Fepiphir" {Rampage SInv Stlth-}
Will    .....        (no amulet) Stlth
                     p - +4 ring of protection
HPRegen 0.26/turn    s - ring of resist corrosion
MPRegen 0.10/turn

%: rampage
@: flux-form, glowing
A: glow, contaminating, reduced hp, sense surroundings 1, otherworldly, glowing,
explore regen
a: Begin Untransformation, Renounce Religion


You were on level 5 of the Dungeon.
You worshipped Okawaru.
Okawaru was noncommittal.
You were something dangerously unstable.
You visited 1 branch of the dungeon, and saw 5 of its levels.

You collected 189 gold pieces.

Inventory:

Armour
 a - a +0 animal skin
 k - the +2 pair of boots "Fepiphir" (worn) {Rampage SInv Stlth-}
   (You found it on level 2 of the Dungeon)

   SInv:      It lets you see invisible.
   Rampage:   It bestows one free step when moving towards enemies.
   Stlth-:    It makes you less stealthy.
 r - a +0 ring mail (worn)
 x - a +0 helmet (worn)
Jewellery
 p - a +4 ring of protection (left hand)
 s - a ring of resist corrosion (right hand)
Talismans
 c - a beast talisman
 d - a flux talisman (active)
 w - a serpent talisman
Wands
 n - a wand of mindburst (19)
Scrolls
 e - 2 scrolls of identify {unknown}
 i - a scroll of blinking {unknown}
 m - a scroll of teleportation {unknown}
 o - a scroll of poison {unknown}
 t - a scroll of enchant weapon {unknown}
 u - a scroll of summoning {unknown}
 y - a scroll of fear {unknown}
Potions
 b - 2 potions of lignification
 f - a potion of attraction {unknown}
 g - 3 potions of berserk rage {unknown}
 h - a potion of cancellation {unknown}
 j - a potion of heal wounds {unknown}
 l - a potion of enlightenment {unknown}
 q - a potion of resistance {unknown}
 v - a potion of curing {unknown}


   Skills:
 - Level 1.1 Fighting
 - Level 2.1 Dodging
 * Level 6.3 Unarmed Combat
 + Level 4.9 Shapeshifting


You had 5 spell levels left.
You didn't know any spells.
Your spell library contained the following spells:

 Spells                   Type           Power      Damage    Failure   Level
 Ensorcelled Hibernation  Hex/Ice        0%         N/A       67%         2
 Passwall                 Tmut/Erth      0%         N/A       67%         2
 Poisonous Vapours        Pois/Air       0%         N/A       67%         2
 Wereblood                Tmut           0%         N/A       67%         2
 Ignite Poison            Fire/Tmut/Pois 0%         N/A       88%         3
 Swiftness                Air            0%         N/A       88%         3
 Brom's Barrelling Bould  Conj/Erth      0%         2d3       99%         4
 Fireball                 Conj/Fire      0%         3d3       100%        5
 Iskenderun's Battlesphe  Conj           0%         2d6       100%        5
 Conjure Ball Lightning   Conj/Air       0%         3x3d6     100%        6
 Orb of Destruction       Conj           0%         9d5       100%        7


Dungeon Overview and Level Annotations

Branches:
Dungeon (5/15) Zot: 1908
 Temple: D:4-7

Altars:
Hepliaklqana
Okawaru
Ru
Xom
Zin


Innate Abilities, Weirdness & Mutations

You are something dangerously unstable.
You glow with magical radiation, making you easy to see and hit.
Foes you strike become dangerously contaminated with magical radiation.
Your maximum health is decreased, since you lack skill for your form.
You are incapable of wielding weapons or throwing items.
You passively map a small area around you.
You are easily found by Zot.
You glow in the dark.
You regain HP and MP as you explore.


Message History

A centaur comes into view.
The centaur shouts!
The centaur wields a +0 orcbow.
The centaur shoots an arrow.
The arrow hits you!
* * * LOW HITPOINT WARNING * * *
The white imp gestures at you. The puff of frost hits you!
* * * LOW HITPOINT WARNING * * *
You see here a quokka corpse.
You are too injured to fight recklessly!
Okay, then.
You hit the white imp.
The white imp begins to glow.
The white imp is severely wounded.
The white imp hits you but does no damage.
You barely miss the white imp.
The white imp is severely wounded.
The white imp hits you but does no damage.
You hit the white imp.
The white imp glows dangerously bright.
The white imp is almost dead.
The white imp gestures at you. The puff of frost hits you.
* * * LOW HITPOINT WARNING * * *
You hit the white imp.
You kill the white imp!
Okawaru accepts your kill.
The centaur shoots an arrow.
The arrow barely misses you.
You rampage towards the centaur!
You closely miss the centaur.
The centaur unwields a +0 orcbow.
The centaur hits you but does no damage.
The centaur kicks you but does no damage.
The centaur misses you.
The centaur kicks you but does no damage.
You hit the centaur.
The centaur begins to glow.
The centaur is moderately wounded.
The centaur hits you but does no damage.
The centaur barely misses you.
You hit the centaur.
The centaur glows dangerously bright.
The centaur is moderately wounded.
The centaur hits you.
You die...

,, , , , ,, , , , ,,
* *### , , , ,
..########
###.####.#...5.^. ,
, #
......#.#......., ,
,,,*
#.##.##.#.#....... ,
*,#.#...#.#p#.....c.
, ,...._....c†..# **
* , , ,
#.#...#.#.#...# ,
,#.##.##.#.#...# *
#.......#.#...# *
#.####.####.#...#
#...........#..##
######.######..#
#.........# #+# ,, ,


You could see a centaur (heavy contam).

Vanquished Creatures
  An orc priest (D:3)
  A jelly (D:4)
  An iguana (D:4)
  3 adders
  A white imp (D:5)
  An ufetubus (D:4)
  A worm (D:2)
  2 orcs (D:3)
  6 ball pythons
  A bat (D:2)
  2 endoplasms (D:3)
  4 giant cockroaches
  3 goblins
  4 hobgoblins
  5 kobolds
  4 quokkas
  2 frilled lizards
  5 rats (D:3)
47 creatures vanquished.

Vanquished Creatures (others)
  A kraken (D:1)
  A minotaur (D:1)
  An octopode (D:1)
  An elf (D:1)
  A formicid (D:1)
  A spriggan (D:1)
  A human (D:1)
  A tengu (D:1)
  An orc (D:1)
  5 tentacles (D:1)
14 creatures vanquished.

Grand Total: 61 creatures vanquished

Notes
Turn   | Place    | Note
-------+----------+-------------------------------------------
     0 | D:1      | lunkers the Meteoran Shapeshifter began the quest for the
                  | Orb.
     0 | D:1      | Reached XP level 1. HP: 16/16 MP: 2/2
     0 | D:1      | Noticed a tengu
     0 | D:1      | Noticed a vine stalker
     0 | D:1      | Noticed a minotaur
     0 | D:1      | Noticed a spriggan
     0 | D:1      | Noticed an elf
     0 | D:1      | Noticed a spriggan
     0 | D:1      | Noticed an octopode
     0 | D:1      | Noticed a kraken
     0 | D:1      | Noticed a ghoul
     0 | D:1      | Noticed a formicid
     0 | D:1      | Noticed a minotaur
     0 | D:1      | Noticed a human
     2 | D:1      | Killed a spriggan
     3 | D:1      | Killed a tengu
    10 | D:1      | Killed an octopode
    14 | D:1      | Killed a minotaur
    16 | D:1      | Killed a human
    16 | D:1      | Killed an elf
    17 | D:1      | Killed a formicid
    17 | D:1      | Killed a kraken
    69 | D:1      | You fall into a shaft and drop 1 floor!
    74 | D:2      | Got a quavering book
   194 | D:2      | Reached skill level 4 in Unarmed Combat
   194 | D:2      | Reached XP level 2. HP: 13/23 MP: 3/3
   321 | D:2      | Reached XP level 3. HP: 26/28 MP: 4/4
   340 | D:2      | Identified the +2 pair of boots "Fepiphir" {Rampage SInv
                  | Stlth-}
   452 | D:3      | Reached XP level 4. HP: 35/35 MP: 5/5
   475 | D:3      | Found a glowing silver altar of Zin.
   539 | D:3      | Reached skill level 5 in Unarmed Combat
   553 | D:3      | Reached XP level 5. HP: 27/40 MP: 6/6
   569 | D:3      | Found an iron altar of Okawaru.
   582 | D:3      | Became a worshipper of Warmaster Okawaru
   700 | D:3      | Found a hazy altar of Hepliaklqana.
   701 | D:3      | Found a shimmering altar of Xom.
   701 | D:3      | Noticed a wretched star
   702 | D:3      | Noticed a spectral ugly thing
   702 | D:3      | Noticed a wretched star
   952 | D:4      | Reached skill level 6 in Unarmed Combat
   972 | D:4      | Reached XP level 6. HP: 32/47 MP: 7/7
  1066 | D:5      | Entered Level 5 of the Dungeon
  1078 | D:5      | Found a sacrificial altar of Ru.
  1094 | D:5      | Noticed a centaur
  1106 | D:5      | Slain by a centaur

Illustrated notes

Levels and vault maps discovered:
D:1:      nicolae_arrival_kraken_aquarium_a, layout_rooms,
          ebering_ecumenical_altar_webs, serial_bayou_lagoon_a,
          minmay_misc_feat_diagonals, kennysheep_another_room
D:2:      layout_rooms, minmay_randomly_rotated_circles, uniq_crazy_yiuf_cottage
D:3:      layout_rooms, regret_index_temple_of_mockery,
          mainiacjoe_overflow_24_doors, okawaru_trees_1
D:4:      layout_rooms
D:5:      minmay_spotlight, layout_gridville, nicolae_ru_sacrificial_ziggurat,
          uniq_eustachio, uniq_grinder, uniq_duvessa, uniq_ijyb, uniq_menkaure

Skill      XL: |  1  2  3  4  5 |
---------------+----------------+-----
Unarmed Combat | 4 5 6 |  6.3
Shapeshifting  | 4 |  4.9
Fighting       | |  1.1
Dodging        | |  2.1

Action                     |  1- 3 |  4- 6 || total
---------------------------+-------+-------++-------
  Melee: Unarmed           |    53 |    85 ||   138
         Punch             |       |     1 ||     1
 Armour: Animal skin       |    23 |    11 ||    34
         Ring mail         |       |    45 ||    45
  Dodge: Dodged            |    22 |    40 ||    62
   Form: Flux              |       |     1 ||     1

Table legend: (Time is in decaauts)
 A = Elapsed time spent in this place.
 B = Non-inter-level travel time spent in this place.
 C = Inter-level travel time spent in this place.
 D = Time resting spent in this place.
 E = Time spent auto-exploring this place.
 F = Levels seen in this place.
 G = Mean time per level.
                   A        B        C        D        E       F      G
               +--------+--------+--------+--------+--------+-----+--------+
         Total |   1090 |   1041 |     49 |      0 |    671 |   5 |  218.0 |
       Dungeon |   1090 |   1041 |     49 |      0 |    671 |   5 |  218.0 |
               +--------+--------+--------+--------+--------+-----+--------+

Top non-repeatable levels by time:
     D:3: 347 daAuts
     D:2: 342 daAuts
     D:4: 293 daAuts
     D:1: 68 daAuts
     D:5: 38 daAuts
